 Dungeon Crawl Stone Soup version 0.31-a0-889-g1a8549509d (webtiles) character file.

Game seed: 11235339692927412594

231 Error4North the Ruffian (level 5, 0/44 HPs)
             Began as a Draconian Shapeshifter on Oct 17, 2023.
             Killed by an exploding orc (42 damage)
             ... ignited by their inner flame
             ... on level 4 of the Dungeon.
             The game lasted 00:11:08 (2324 turns).

Error4North the Ruffian (Draconian Shapeshifter)    Turns: 2324, Time: 00:11:09

Health: 0/44       AC:  5    Str: 19    XL:     5   Next: 73%
Magic:  5/5        EV: 12    Int: 10    God:
Gold:   180        SH:  0    Dex: 10    Spells: 4/4 levels left

rFire   . .          .
                       - Unarmed
rCold   . . .        (no shield)
rNeg    . . .        (body armour unavailable)
rPois   .            (helmet currently unavailable)
rElec   .            u - melded +0 cloak
rCorr   .            (gloves currently unavailable)
SInv    .            (boots currently unavailable)
Will    .....        (no amulet)
Stlth   +            (no ring)
HPRegen 0.27/turn    (no ring)
MPRegen 0.09/turn

%: no passive effects
@: confused, beast-form
A: beast (slay +2), AC +5, unfitting armour, cold-blooded
a: Begin Untransformation


You were on level 4 of the Dungeon.
You were a hulking beast.
You visited 1 branch of the dungeon, and saw 4 of its levels.

You collected 180 gold pieces.

Inventory:

Armour
 u - a +0 cloak (melded)
Jewellery
 d - a +4 ring of protection
Talismans
 b - a beast talisman (active)
 c - a flux talisman
 q - a maw talisman
Wands
 o - a wand of paralysis (13)
 t - a wand of flame (27)
Scrolls
 h - a scroll of identify
 l - a scroll of immolation
 m - a scroll of poison {unknown}
 p - 2 scrolls of teleportation {unknown}
 r - a scroll of blinking {unknown}
 s - a scroll of revelation {unknown}
 v - a scroll of noise {unknown}
Potions
 a - 2 potions of lignification
 e - 2 potions of berserk rage
 f - a potion of enlightenment {unknown}
 g - 2 potions of curing {unknown}
 k - a potion of brilliance {unknown}
 n - a potion of resistance {unknown}
 w - a potion of invisibility {unknown}
 x - a potion of attraction {unknown}


   Skills:
 * Level 2.8 Fighting
 * Level 3.0 Dodging
 + Level 0.1 Stealth
 + Level 4.4 Unarmed Combat
 * Level 3.8 Shapeshifting


You had 4 spell levels left.
You didn't know any spells.
Your spell library contained the following spells:

 Spells                   Type           Power      Damage    Failure   Level
 Ensorcelled Hibernation  Hex/Ice        0%         N/A       50%         2
 Jinxbite                 Hex            0%         N/A       50%         2
 Anguish                  Hex/Necr       0%         N/A       98%         4


Dungeon Overview and Level Annotations

Branches:
Dungeon (4/15)
 Temple: D:4-7

Altars:


Innate Abilities, Weirdness & Mutations

You are a hulking beast.
Your limbs bulge with bestial killing power. (Slay +2)
Your plain brown scales are hard. (AC +5)
You cannot fit into any form of body armour.
You are cold-blooded and may be slowed by cold attacks.


Message History

The magic dart hits you.
An orc comes into view. It is wielding a +0 dagger.
The orc shouts!
You see here a potion of berserk rage.
e - 2 potions of berserk rage (gained 1)
The orc wizard gestures wildly while chanting.
The orc wizard flickers and vanishes!
Deactivating autopickup; reactivate with Ctrl-A.
An orc comes into view. It is wielding a +0 club.
The orc moves out of view.
An orc comes into view. It is wielding a +2 heavy falchion.
The orc shouts!
The orc wizard hits you with a +0 dagger.
You hit the orc wizard.
The orc wizard is lightly wounded.
The orc wizard hits you but does no damage.
As you read the scroll labelled CIZOPS LIFEOD, it crumbles to dust.
The creatures around you are filled with an inner flame!
It was a scroll of immolation.
The orc wizard hits you but does no damage.
You barely miss the orc wizard.
Your tail-slap misses the orc wizard.
The orc wizard is lightly wounded.
The orc wizard casts a spell at you.
You are confused.
You bump into the rock wall.
The orc wizard hits you but does no damage.
The orc wizard points at you and mumbles some strange words.
You are more confused.
The orc closely misses you. The orc wizard closely misses you.
You barely miss the orc. The orc hits you with a +0 dagger.
The orc wizard hits you but does no damage.
You hit the orc.
Flame seeps out of the orc.
The orc is moderately wounded.
The orc is engulfed in blazing flames.
The orc explodes!
The fiery explosion engulfs something!!!
Reactivating autopickup.
You feel a bit more experienced. The fiery explosion engulfs you!!!
Ouch! That really hurt!
You die...

##...#......#.........#
#...#......#.........#
....#....>.#..... ...#
#...#......#..... o..#
#...#......#....##...#
....#......#....##...#
#...#......#....o....#
#......#...)o....#
#......#...h○o...#
#......#...§§§...#
#......#.........#
#......#.........#
#......#.........#
#####......#...>.....#
...........#.........#
...........#.........#
...........#.........#


You could see an orc wizard (inner flame) and 2 orcs.

Vanquished Creatures
  A jelly (D:4)
  Crazy Yiuf (D:2)
  Jessica (D:3)
  An orc wizard (D:4)
  A gnoll (D:3)
  3 adders
  4 worms
  4 dart slugs
  8 orcs
  5 bats
  9 endoplasms
  6 giant cockroaches
  9 goblins
  8 hobgoblins
  2 quokkas
  6 ball pythons
  3 frilled lizards
  5 kobolds
  5 rats
82 creatures vanquished.

Notes
Turn   | Place    | Note
-------+----------+-------------------------------------------
     0 | D:1      | Error4North the Draconian Shapeshifter began the quest for
                  | the Orb.
     0 | D:1      | Reached XP level 1. HP: 16/16 MP: 1/1
    73 | D:1      | Reached XP level 2. HP: 23/23 MP: 2/2
    97 | D:1      | Found a faded altar of an unknown god.
   199 | D:1      | Reached XP level 3. HP: 28/28 MP: 3/3
   800 | D:2      | Reached XP level 4. HP: 34/36 MP: 4/4
   922 | D:2      | Identified the +1 scale mail of Hepliaklqana's Grace {rF+}
   966 | D:2      | Found a runed translucent door.
   967 | D:2      | Noticed Crazy Yiuf
  1153 | D:2      | Killed Crazy Yiuf
  1514 | D:3      | Noticed Jessica
  1537 | D:3      | Killed Jessica
  1538 | D:3      | Reached skill level 4 in Unarmed Combat
  1538 | D:3      | Reached XP level 5. HP: 42/42 MP: 5/5
  2324 | D:4      | Killed by an exploding orc... ignited by their inner flame

Illustrated notes

Levels and vault maps discovered:
D:1:      scummos_arrival_star, layout_rooms, ebering_ecumenical_altar_box
D:2:      layout_loops_cross, uniq_crazy_yiuf_cottage
D:3:      kennysheep_six_static_rooms, layout_basic, hangedman_decor_lopped,
          uniq_jessica
D:4:      layout_gridville, kennysheep_ying_yang, minmay_temple_entry_hall,
          portal_sewer_entry_d

Skill      XL: |  1  2  3  4 |
---------------+-------------+-----
Dodging        | 2 3 |  3.0
Fighting       | 2 |  2.8
Unarmed Combat | 4 |  4.4
Stealth        | |  0.1
Shapeshifting  | |  3.8

Action                     |  1- 3 |  4- 6 || total
---------------------------+-------+-------++-------
  Melee: Unarmed           |   125 |   106 ||   231
         Tailslap          |    19 |    11 ||    30
         Punch             |       |     1 ||     1
    Use: Scroll            |       |     5 ||     5
 Armour: Skin              |    61 |    43 ||   104
  Dodge: Dodged            |    86 |    54 ||   140
         Form:             |       |     1 ||     1
         Beast             |       |     1 ||     1

Table legend: (Time is in decaauts)
 A = Elapsed time spent in this place.
 B = Non-inter-level travel time spent in this place.
 C = Inter-level travel time spent in this place.
 D = Time resting spent in this place.
 E = Time spent auto-exploring this place.
 F = Levels seen in this place.
 G = Mean time per level.
                   A        B        C        D        E       F      G
               +--------+--------+--------+--------+--------+-----+--------+
         Total |   2310 |   2228 |     82 |     24 |   1467 |   4 |  577.5 |
       Dungeon |   2310 |   2228 |     82 |     24 |   1467 |   4 |  577.5 |
               +--------+--------+--------+--------+--------+-----+--------+

Top non-repeatable levels by time:
     D:3: 898 daAuts
     D:2: 864 daAuts
     D:1: 405 daAuts
     D:4: 141 daAuts
